 Dungeon Crawl Stone Soup version 0.30-a0-1160-g6e42c06551 (webtiles) character file.

Game seed: 9059014355563125572

1423 IdlyInterested the Slicer (level 8, -5/65 HPs)
             Began as a Demonspawn Gladiator on Apr 26, 2023.
             Splashed by a jelly's acid (11 damage)
             ... on level 5 of the Dungeon.
             The game lasted 00:12:58 (4095 turns).

IdlyInterested the Slicer (Demonspawn Gladiator)    Turns: 4095, Time: 00:12:59

Health: -5/65      AC:  0    Str: 14    XL:     8   Next: 44%
Magic:  8/8        EV:  7    Int: 12    God:
Gold:   220        SH:  0    Dex: 15    Spells: 7/7 levels left

rFire   . . .        v - +1 dagger (venom)
rCold   . . .        (no shield)
rNeg    . . .        z - +0 chain mail
rPois   .            c - +0 helmet
rElec   .            q - +1 cloak
rCorr   .            (no gloves)
SInv    .            (no boots)
Will    .....        (no amulet) Stlth
                     (no ring)
HPRegen 0.30/turn    (no ring)
MPRegen 0.11/turn

%: no passive effects
@: corroded, studying Fighting
A: ignite blood 2, weakness stinger 2
a: no special abilities


You were on level 5 of the Dungeon.
You visited 1 branch of the dungeon, and saw 5 of its levels.

You collected 220 gold pieces.

Inventory:

Hand Weapons
 a - a +0 rapier
 v - a +1 dagger of venom (weapon)
 C - a +0 short sword
Missiles
 d - 3 throwing nets
 e - 6 javelins
 i - 34 stones
 o - 5 atropa-tipped darts
 t - 4 boomerangs
 u - 9 poisoned darts (quivered)
Armour
 b - a +0 leather armour
 c - a +0 helmet (worn)
 f - a +0 ring mail
 q - a +1 cloak (worn)
 z - a +0 chain mail (worn)
 D - a +0 plate armour
 F - a +0 scale mail
Magical Staves
 s - a staff of poison
Jewellery
 l - a ring of wizardry
Scrolls
 g - 3 scrolls of identify {unknown}
 j - a scroll of noise {unknown}
 k - a scroll of enchant weapon {unknown}
 p - a scroll of poison {unknown}
 x - a scroll of amnesia {unknown}
 y - 2 scrolls of fear {unknown}
 A - a scroll of fog {unknown}
 B - a scroll of blinking {unknown}
Potions
 h - 3 potions of mutation {unknown}
 m - 2 potions of curing
 n - 3 potions of degeneration {unknown}
 r - a potion of magic {unknown}
 w - a potion of might {unknown}
 E - a potion of brilliance {unknown}
 G - 2 potions of invisibility {unknown}


   Skills:
 + Level 6.4 Fighting
 * Level 8.0 Short Blades
 - Level 2.0 Throwing
 - Level 1.0 Armour
 - Level 3.0 Dodging
 - Level 1.0 Stealth
 - Level 1.0 Evocations


You had 7 spell levels left.
You didn't know any spells.
Your spell library contained the following spells:

 Spells                   Type           Power      Damage    Failure   Level
 Apportation              Tloc           0%         N/A       99%         1
 Ensorcelled Hibernation  Hex/Ice        0%         N/A       100%        2
 Spider Form              Tmut/Pois      0%         N/A       100%        3
 Anguish                  Hex/Necr       0%         N/A       100%        4
 Alistair's Intoxication  Tmut/Pois      0%         N/A       100%        5


Dungeon Overview and Level Annotations

Branches:
Dungeon (5/15)
 Temple: D:4-7

Altars:
Dithmenos

Shops:
D:4 *


Innate Abilities, Weirdness & Mutations

Your demonic aura often causes spilled blood to erupt in flames.
You have a tail ending in a sharp stinger.


Message History

Found a ring mail and 5 gold pieces.
There is a stone staircase leading up here.
You hit the jelly but do no damage.
Your hands burn!
The hound bites you.
You hit the jelly.
Your hands burn!
You tail-slap the jelly, but do no damage.
The jelly is lightly wounded.
The jelly hits you but does no damage. The hound bites you but does no damage.
You hit the jelly but do no damage. The acid corrodes you!
Your hands burn!
You tail-slap the jelly, but do no damage.
The jelly is lightly wounded.
The hound completely misses you.
You hit the jelly but do no damage.
Your hands burn!
The jelly is lightly wounded.
The jelly hits you but does no damage. The hound barely misses you.
You completely miss the jelly.
The jelly is lightly wounded.
The jelly hits you.
You are splashed with acid!
You hit the jelly.
Your hands burn!
The jelly is moderately wounded.
The hound closely misses you.
You hit the jelly but do no damage.
Your hands burn!
The jelly is moderately wounded.
The hound bites you. The jelly hits you but does no damage.
You hit the jelly but do no damage.
Your hands burn!
The jelly is moderately wounded.
The hound bites you.
You hit the jelly but do no damage. The acid corrodes you!
Your hands burn!
The jelly is moderately wounded.
The hound bites you.
* * * LOW HITPOINT WARNING * * *
The jelly closely misses you.
You hit the jelly but do no damage.
Your hands burn!
* * * LOW HITPOINT WARNING * * *
The jelly is moderately wounded.
The hound bites you.
* * * LOW HITPOINT WARNING * * *
The jelly hits you.
* * * LOW HITPOINT WARNING * * *
You are splashed with acid!
You die...

#.....#
#.....#
##+## .
#.....#
....# ..
#.....#
....##...
#.....#
.........
#..$..#
.........
#[..J.#
.........
#....@#
.<..#####
#...h.#
....#
........#
....#
........#
#####
........#
......
........#
......
........#
......
........#
.....#


You could see a hound and a jelly.

Vanquished Creatures
  Pikel (D:5)
  Sigmund (D:3)
  A yak (D:5)
  2 phantoms
  A bullfrog (D:5)
  A gnoll sergeant (D:5)
  A gnoll bouda (D:5)
  2 hounds (D:4)
  2 orc priests (D:5)
  2 iguanas
  2 orc wizards
  4 adders
  3 gnolls (D:4)
  An ufetubus (D:5)
  4 worms
  17 orcs
  4 bats
  5 endoplasms
  3 giant cockroaches
  6 goblins
  3 hobgoblins
  2 jackals (D:4)
  6 kobolds
  3 quokkas
  8 ball pythons
  2 frilled lizards
  4 rats
91 creatures vanquished.

Notes
Turn   | Place    | Note
-------+----------+-------------------------------------------
     0 | D:1      | IdlyInterested the Demonspawn Gladiator began the quest for
                  | the Orb.
     0 | D:1      | Reached XP level 1. HP: 16/16 MP: 1/1
   220 | D:1      | Reached skill level 1 in Stealth
   220 | D:1      | Discovered your monstrous ancestry.
   220 | D:1      | Gained mutation: You have a small tail. [demonic ancestry]
   220 | D:1      | Reached XP level 2. HP: 18/22 MP: 2/2
   976 | D:2      | Reached skill level 3 in Short Blades
  1039 | D:2      | Gained mutation: Your demonic aura sometimes causes spilled
                  | blood to erupt in flames. [demonic ancestry]
  1039 | D:2      | Reached XP level 3. HP: 27/28 MP: 3/3
  1245 | D:2      | Found a faded altar of an unknown god.
  1452 | D:3      | Noticed Sigmund
  1457 | D:3      | Killed Sigmund
  1458 | D:3      | Reached skill level 4 in Short Blades
  1458 | D:3      | Reached skill level 1 in Armour
  1458 | D:3      | Gained mutation: You have a tail ending in a sharp stinger.
                  | [demonic ancestry]
  1458 | D:3      | Reached XP level 4. HP: 35/35 MP: 4/4
  1458 | D:3      | Reached XP level 5. HP: 41/41 MP: 5/5
  2213 | D:4      | Reached skill level 1 in Evocations
  2252 | D:4      | Noticed a phantom
  2270 | D:4      | Killed a phantom
  2271 | D:4      | Reached skill level 5 in Short Blades
  2271 | D:4      | Gained mutation: Your demonic aura often causes spilled
                  | blood to erupt in flames. [demonic ancestry]
  2271 | D:4      | Reached XP level 6. HP: 25/48 MP: 6/6
  2708 | D:4      | Found Sutoviz's Elemental Accessories.
  2708 | D:4      | You fall into a shaft and drop 1 floor!
  2708 | D:5      | Entered Level 5 of the Dungeon
  2714 | D:5      | Noticed Pikel
  2727 | D:5      | Killed Pikel
  2728 | D:5      | Reached skill level 5 in Fighting
  2728 | D:5      | Reached skill level 6 in Short Blades
  2728 | D:5      | Reached XP level 7. HP: 38/56 MP: 7/7
  2914 | D:5      | Noticed a yak
  2991 | D:5      | Killed a yak
  2992 | D:5      | Reached skill level 7 in Short Blades
  2992 | D:5      | Reached XP level 8. HP: 26/63 MP: 8/8
  3751 | D:4      | Reached skill level 8 in Short Blades
  3854 | D:4      | Found a shadowy altar of Dithmenos.
  4095 | D:5      | Splashed by a jelly's acid

Illustrated notes

Levels and vault maps discovered:
D:1:      dpeg_arrival_ternary, layout_loops_ring
D:2:      layout_rooms, hellmonk_ecumenical_altar_heavens_door,
          minmay_crystal_water, kennysheep_donut
D:3:      layout_basic, minmay_crystal_room, hangedman_decor_clover_reticule,
          uniq_sigmund
D:4:      layout_basic, lemuel_tele_altar, st_stairs_5, nicolae_elemental_shop
D:5:      layout_gridville, kennysheep_ying_yang, nicolae_hexahallways,
          corexii_checkpoint_a, minmay_manual_mail, uniq_grinder, uniq_pikel

Skill      XL: |  1  2  3  4  5  6  7  8 |
---------------+-------------------------+-----
Throwing       | 2 |  2.0
Stealth        | 1 |  1.0
Short Blades   | 3 4 5 6 7 8 |  8.0
Dodging        | 3 |  3.0
Fighting       | 3 5 6 |  6.4
Armour         | 1 |  1.0
Evocations     | 1 |  1.0

Action                     |  1- 3 |  4- 6 |  7- 9 || total
---------------------------+-------+-------+-------++-------
  Melee: Rapier            |    88 |     7 |     7 ||   102
         Tailslap          |    10 |    14 |    32 ||    56
         Dagger            |       |   116 |   160 ||   276
         Punch             |       |     5 |     4 ||     9
  Throw: Throwing net      |     1 |       |       ||     1
         Dart              |       |     6 |     7 ||    13
         Javelin           |       |     2 |       ||     2
    Use: Potion            |       |       |     6 ||     6
   Stab: Held in net/web   |     1 |       |       ||     1
 Armour: Ring mail         |    33 |    21 |       ||    54
         Chain mail        |       |    16 |   100 ||   116
  Dodge: Dodged            |    51 |    32 |    71 ||   154

Table legend: (Time is in decaauts)
 A = Elapsed time spent in this place.
 B = Non-inter-level travel time spent in this place.
 C = Inter-level travel time spent in this place.
 D = Time resting spent in this place.
 E = Time spent auto-exploring this place.
 F = Levels seen in this place.
 G = Mean time per level.
                   A        B        C        D        E       F      G
               +--------+--------+--------+--------+--------+-----+--------+
         Total |   4012 |   3588 |    424 |    513 |   2108 |   5 |  802.4 |
       Dungeon |   4012 |   3588 |    424 |    513 |   2108 |   5 |  802.4 |
               +--------+--------+--------+--------+--------+-----+--------+

Top non-repeatable levels by time:
     D:4: 1123 daAuts
     D:1: 899 daAuts
     D:5: 713 daAuts
     D:3: 696 daAuts
     D:2: 580 daAuts
